Map: Dragon Scales LE

Players

BLEST - Winner!

  • Race: Terran Terran
  • League: Gold
  • Spawn Location: 5:00

MattBarry

  • Race: Zerg Zerg
  • League: Gold
  • Spawn Location: 11:00

VOD

Have the link to the VOD?

Description

Time

  • Played on: Jan. 30, 2023, 1:18 a.m.
  • Length: 14:23
Show
View Real Time Build Order
Export as new Build Order

BLEST Terran - Winner!

Build Orders: Reaper Expand 

Get SALT Encoding   

  12  0:00  SCV  
  13  0:12  SCV  
  14  0:18  Supply Depot  
  14  0:24  SCV  
  15  0:39  SCV  
  15  0:40  Barracks  
  16  0:46  Refinery  
  16  0:51  SCV  
  17  1:03  SCV  
  18  1:16  SCV  
  19  1:29  Reaper  
  19  1:30  Orbital Command  
  20  1:41  Command Center  
  20  1:56  SCV  
  20  2:00  Marine  
  22  2:03  Supply Depot  
  22  2:08  SCV  
  22  2:13  Factory  
  23  2:34  Marine  
  23  3:05  Factory Reactor  
  23  3:07  Barracks Tech Lab  
  23  3:10  Refinery  
  23  3:23  Orbital Command  
  23  3:34  Starport  
  23  3:38  Marine  
  23  3:40  SCV  
  25  3:45  Hellion  
  25  3:46  Hellion  
  29  3:52  SCV  
  29  3:53  SCV  
  31  4:01  Supply Depot, Marine  
  32  4:04  SCV  
  32  4:05  SCV  
  32  4:07  Hellion x2  
  38  4:13  Starport Tech Lab  
  38  4:16  SCV  
  39  4:17  SCV, Fusion Core  
  40  4:25  Supply Depot  
  40  4:26  Marine  
  40  4:28  SCV, Hellion x2  
  40  4:29  SCV  
  47  4:32  Refinery  
  47  4:33  Refinery  
  47  4:40  SCV  
  47  4:41  SCV  
  47  4:42  Supply Depot  
  49  4:51  Hellion x2  
  49  4:52  SCV  
  54  4:53  SCV  
  55  5:07  Command Center  
  55  5:11  Supply Depot, SCV x2  
  44  5:44  Viking  
  44  5:45  Weapon Refit  
  44  5:48  Hellion x2  
  50  6:00  Factory  
  50  6:01  SCV x2  
  52  6:04  Factory  
  52  6:09  Hellion x2  
  56  6:13  SCV x2  
  58  6:24  Battlecruiser  
  58  6:25  SCV x2  
  66  6:37  SCV x2, Hellion x2  
  70  6:51  Cyclone  
  70  6:53  Marine, Hellion  
  71  7:10  Hellion  
  58  7:15  Marine  
  50  7:22  Factory Tech Lab  
  50  7:27  SCV  
  50  7:28  SCV  
  40  7:36  Orbital Command  
  40  7:39  SCV  
  40  7:40  SCV  
  42  7:52  SCV x2  
  44  8:01  Siege Tank x2  
  44  8:02  Hellion x2  
  44  8:03  Battlecruiser  
  44  8:04  SCV x2  
  62  8:16  SCV x2  
  64  8:23  Hellion x2  
  67  8:28  SCV x2  
  64  8:46  Orbital Command  
  64  8:57  Siege Tank  
  64  8:58  Hellion  
  69  9:09  Hellion  
  67  9:11  Siege Tank  
  67  9:13  Battlecruiser  
  69  9:37  Hellion x2  
  73  9:42  Supply Depot  
  73  9:43  Supply Depot  
  73  9:44  Supply Depot  
  73  9:45  Supply Depot  
  73  10:03  Siege Tank x2  
  73  10:04  Hellion x2  
  83  10:10  SCV x3  
  86  10:22  SCV  
  86  10:25  Hellion x2  
  91  10:49  SCV x3  
  94  10:52  Battlecruiser  
  94  10:53  Siege Tank x2  
  94  10:54  Hellion x2  
  110  11:01  SCV x3  
  110  11:04  Refinery  
  113  11:07  Refinery  
  113  11:13  SCV x3  
  116  12:32  Supply Depot  
  116  12:33  Supply Depot  
  116  12:34  Supply Depot, Cyclone x2, Battlecruiser  
  116  12:35  Supply Depot, Hellion x2  
  116  12:36  Supply Depot x2  
  132  12:56  Hellion x2  
  136  12:59  Supply Depot  
  136  13:00  Supply Depot  
  126  13:06  Cyclone x2  
  128  13:17  Hellion x2  
  122  13:38  Cyclone  
  122  13:39  Cyclone, Hellion x2  
  126  13:53  Command Center  
  126  14:00  Hellion x2  
Show
View Real Time Build Order
Export as new Build Order

MattBarry Zerg 

Build Orders: Pool First 

Get SALT Encoding   

  12  0:00  Drone  
  13  0:12  Drone  
  14  0:19  Extractor  
  13  0:21  Drone, Extractor  
  13  0:22  Drone  
  15  0:37  Spawning Pool  
  14  0:44  Overlord  
  14  0:48  Extractor  
  13  0:50  Drone  
  15  1:03  Drone x2  
  17  1:27  Hatchery  
  17  1:29  Zergling x2  
  17  1:34  Zergling x2  
  18  1:41  Metabolic Boost  
  18  1:51  Queen  
  20  1:55  Drone  
  21  2:05  Drone  
  21  2:07  Overlord  
  22  2:12  Evolution Chamber  
  20  2:23  Drone  
  21  2:36  Drone  
  21  2:37  Drone  
  23  2:43  Queen  
  25  2:48  Spine Crawler  
  25  2:49  Drone x2  
  25  3:17  Roach Warren  
  25  3:18  Zerg Melee Weapons Level 1  
  25  3:19  Drone x2  
  27  3:20  Drone x2  
  27  3:23  Extractor  
  27  3:39  Drone x3  
  27  3:40  Drone  
  31  3:59  Roach x2  
  31  4:00  Overlord  
  35  4:05  Evolution Chamber  
  35  4:08  Drone  
  35  4:09  Drone  
  37  4:18  Evolution Chamber  
  36  4:27  Queen  
  38  4:32  Drone  
  38  4:33  Drone x5  
  38  4:37  Lair  
  44  4:44  Overlord  
  44  4:56  Overlord  
  44  5:03  Queen  
  46  5:15  Roach  
  46  5:16  Roach x6  
  58  5:27  Roach x3  
  60  5:30  Overlord x2  
  60  5:35  Roach  
  56  5:38  Drone  
  48  5:48  Drone  
  49  5:56  Drone x2  
  51  6:02  Drone  
  52  6:12  Drone  
  52  6:13  Drone x2  
  55  6:28  Drone x5  
  60  6:46  Ravager x3  
  63  6:48  Roach x3  
  63  6:49  Roach  
  65  7:14  Roach  
  65  7:15  Roach  
  67  7:16  Drone x5  
  67  7:17  Drone  
  71  7:29  Zergling x2  
  58  7:30  Zergling x10  
  57  7:44  Spore Crawler  
  57  7:45  Spore Crawler  
  57  7:46  Spore Crawler  
  57  7:48  Spore Crawler  
  50  7:53  Roach x4  
  56  8:01  Queen  
  58  8:12  Zergling x2  
  59  8:13  Zergling x6  
  53  8:39  Zergling x2  
  53  8:40  Zergling x16  
  51  9:03  Drone x2  
  51  9:04  Drone x2  
  53  9:15  Roach Warren  
  53  9:29  Drone x6  
  53  9:30  Queen x2, Drone  
  64  9:49  Extractor x2  
  62  10:09  Spore Crawler  
  62  10:10  Spore Crawler  
  62  10:13  Hatchery  
  59  10:20  Spire  
  58  10:23  Drone x2  
  58  10:24  Spore Crawler, Drone x6  
  58  10:25  Spore Crawler  
  64  10:29  Queen  
  62  10:59  Glial Reconstitution  
  62  11:01  Zerg Missile Weapons Level 1  
  62  11:05  Drone x5, Overlord x2  
  62  11:06  Overlord  
  61  11:38  Queen  
  61  11:39  Queen  
  65  11:43  Corruptor  
  65  11:44  Corruptor x2  
  69  11:49  Overlord  
  69  12:02  Corruptor x2  
  69  12:03  Corruptor  
  75  12:14  Queen x2  
  66  12:22  Corruptor  
  66  12:23  Corruptor  
  66  12:24  Zergling x2  
  66  12:25  Zergling x10  
  66  12:28  Overlord x2  
  76  12:48  Roach  
  76  12:49  Roach x4  
  68  13:07  Corruptor x2  
  54  13:27  Corruptor  
  45  13:43  Corruptor  
  43  13:56  Zergling x4  
  43  14:00  Zergling x2  
Tags
 
Add a new tag
Caveats
  • Supply blocks, unpowered buildings, or Contaminate may cause inaccurate times.
  • Supply counts are checked every 10 seconds.